 Dungeon Crawl Stone Soup version 0.27.0-1-g7a089689b8 (webtiles) character file.

Game seed: 17305208104817814068

14238 rogsnak the Destroyer (level 12, -1/99 HPs)
             Began as a Naga Fire Elementalist on Aug 10, 2021.
             Was a Priest of Sif Muna.
             Slain by a large abomination (22 damage)
             ... in a Gauntlet on Aug 11, 2021.
             The game lasted 00:47:18 (14115 turns).

rogsnak the Destroyer (Naga Fire Elementalist)     Turns: 14115, Time: 00:47:18

Health: -1/99      AC:  7    Str: 11    XL:     12   Next: 14%
Magic:  14/33      EV: 10    Int: 31    God:    Sif Muna [***...]
Gold:   660        SH:  3    Dex: 12    Spells: 3/28 levels left

rFire    . . .     SeeInvis +   V - +4 rapier
rCold    . . .     Faith    .   Y - +0 buckler
rNeg     . . .     Spirit   .   J - +0 steam dragon scales
rPois    +         Reflect  .   v - +0 helmet
rElec    .         Harm     .   (no cloak)
rCorr    .         Rampage  .   E - -1 pair of gloves "Godeohiosk" {+Blink Int+5 Stlth+}
Will     +....     NoTele   +   (no barding)
Stlth    +++.......             p - amulet of magic regeneration
HPRegen  0.26/turn              r - +6 ring of intelligence
MPRegen  0.48/turn              g - ring of magical power

@: very slow
A: AC +4, large, see invisible, deformed body, poison resistance, slowness 2,
spit poison 1, naga tail 1
a: Spit Poison, Renounce Religion, Evoke Blink, Channel Magic, Forget Spell


You were in a Gauntlet.
You worshipped Sif Muna.
Sif Muna was most pleased with you.
You visited 1 branch of the dungeon, and saw 12 of its levels.
You also visited: Ossuary, Bailey and Gauntlet.

You collected 660 gold pieces.

Inventory:

Hand Weapons
 l - a +2 short sword of freezing
 D - a +1 flail of venom
 V - a +4 rapier (weapon)
Missiles
 m - 57 poisoned darts
 L - 8 curare-tipped darts
 T - 4 throwing nets
Armour
 v - a +0 helmet (worn)
 E - the -1 pair of gloves "Godeohiosk" (worn) {+Blink Int+5 Stlth+}
   (You found it in a bailey)

   Int:       It affects your intelligence (+5).
   +Blink:    It lets you blink.
   Stlth:     It makes you more stealthy.
 J - +0 steam dragon scales (worn)
 Y - a +0 buckler (worn)
Magical Staves
 x - a staff of air
Jewellery
 g - a ring of magical power (right hand)
 p - an amulet of magic regeneration (around neck)
 r - a +6 ring of intelligence (left hand)
 s - a ring of willpower
Wands
 c - a wand of acid (10)
 A - a wand of flame (29)
 B - a wand of iceblast (17)
 Q - a wand of paralysis (9)
 U - a wand of polymorph (9)
Scrolls
 b - 7 scrolls of identify {unknown}
 h - a scroll of holy word {unknown}
 i - 5 scrolls of teleportation {unknown}
 j - a scroll of acquirement {unknown}
 k - 4 scrolls of blinking {unknown}
 n - a scroll of silence {unknown}
 o - a scroll of immolation {unknown}
 u - a scroll of fog {unknown}
 y - 3 scrolls of magic mapping {unknown}
 z - a scroll of amnesia {unknown}
 K - 2 scrolls of noise {unknown}
 M - a scroll of enchant armour {unknown}
 N - 2 scrolls of enchant weapon {unknown}
 P - a scroll of brand weapon {unknown}
 S - a scroll of torment {unknown}
 W - a scroll of fear {unknown}
Potions
 e - 2 potions of lignification {unknown}
 f - 9 potions of curing {unknown}
 w - 2 potions of might {unknown}
 C - 2 potions of degeneration {unknown}
 F - 4 potions of heal wounds {unknown}
 H - a potion of magic {unknown}
 I - 2 potions of flight {unknown}
 O - 2 potions of mutation {unknown}
 R - a potion of brilliance {unknown}


   Skills:
 + Level 3.8 Fighting
 + Level 4.2 Dodging
 - Level 3.0 Stealth
 + Level 8.9 Spellcasting
 * Level 11.8 Conjurations
 + Level 9.8 Fire Magic
 + Level 2.2 Air Magic
 + Level 3.0 Earth Magic
 + Level 1.1 Evocations


You had 3 spell levels left.
You knew the following spells:

 Your Spells              Type           Power      Damage    Failure   Level
a - Foxfire               Conj/Fire      100%       2x1d9     1%          1
b - Sticky Flame          Conj/Fire      69%        2d8       1%          4
c - Fireball              Conj/Fire      34%        3d14      1%          5
d - Lightning Bolt        Conj/Air       27%        1d44      10%         5
e - Borgnjor's Vile Clut  Necr/Erth      11%        N/A       67%         5
f - Bolt of Magma         Conj/Fire/Erth 30%        4d14      6%          5

Your spell library contained the following spells:

 Spells                   Type           Power      Damage    Failure   Level
 Static Discharge         Conj/Air       55%        N/A       1%          2
 Conjure Flame            Conj/Fire      69%        6-21      1%          3
 Inner Flame              Hex/Fire       44%        N/A       2%          3
 Mephitic Cloud           Conj/Pois/Air  43%        N/A       2%          3
 Ignite Poison            Fire/Tmut/Pois 34%        N/A       4%          3
 Animate Skeleton         Necr           26%        N/A       6%          1
 Corona                   Hex            14%        N/A       6%          1
 Freeze                   Ice            52%        1d7       6%          1
 Pain                     Necr           52%        1d6       6%          1
 Ensorcelled Hibernation  Hex/Ice        26%        N/A       10%         2
 Frozen Ramparts          Ice            26%        1d4       19%         3
 Gell's Gravitas          Tloc           6%         N/A       19%         3
 Teleport Other           Tloc           13%        N/A       19%         3
 Tukima's Dance           Hex            13%        N/A       19%         3
 Vampiric Draining        Necr           6%         2d6       19%         3
 Hailstorm                Conj/Ice       50%        3d11      5%          4
 Passage of Golubria      Tloc           N/A        N/A       52%         4
 Alistair's Intoxication  Tmut/Pois      8%         N/A       86%         5
 Summon Forest            Summ/Tloc      6%         N/A       86%         5
 Summon Mana Viper        Hex/Summ       13%        N/A       86%         5
 Yara's Violent Unravell  Hex/Tmut       6%         3d5       86%         5
 Dispersal                Tloc           6%         N/A       100%        6
 Eringya's Noxious Bog    Tmut/Pois      6%         N/A       100%        6
 Shadow Creatures         Summ           N/A        N/A       100%        6
 Maxwell's Capacitive Co  Air            13%        ∞         100%        8


Dungeon Overview and Level Annotations

Branches:
Dungeon (12/15)            Temple (0/1) D:7            Lair (0/6) D:9
    Orc (0/2) D:9         Ossuary (visited)          Bailey (visited)
Gauntlet (1/1)

Altars:
Cheibriados
Elyvilon
Fedhas
Hepliaklqana
Nemelex Xobeh
Okawaru
Qazlal
Ru
Sif Muna
Uskayaw
Vehumet
Wu Jian
Zin

Annotations:
Gauntlet 11 transporters


Innate Abilities, Weirdness & Mutations

Your serpentine skin is tough. (AC +4)
You have supernaturally acute eyesight. (SInv)
Armour fits poorly on your strangely shaped body.
Your system is resistant to poisons. (rPois)
You cover ground very slowly.
You can spit poison.
You have a snake-like lower body.


Message History

The small abomination burns! x2
You destroy the small abomination!
Sif Muna accepts your kill.
The small abomination burns! x2
Casting: Sticky Flame (mildly dangerous; 1% risk of failure)
Confirm with . or Enter, or press ? or * to list all spells.
Aiming: Sticky Flame (mildly dangerous; 1% risk of failure)
Press: ? - help, Shift-Dir - straight line, f - small abomination, p - small abomination
Aim: a small abomination (100% to hit)
The sticky flame hits the small abomination!
The small abomination is heavily damaged.
The small abomination is covered in liquid flames!
The small abomination burns! x2
You destroy the small abomination!
Sif Muna accepts your kill.
The small abomination barely misses you.
You blink.
The small abomination burns!
The small abomination closely misses you.
Unknown command.
Press: ? - help, v - describe, . - travel The floor.
The small abomination burns!
You destroy the small abomination!
Sif Muna accepts your kill.
Unknown command.
Casting: Sticky Flame (mildly dangerous; 1% risk of failure)
Confirm with . or Enter, or press ? or * to list all spells.
Aiming: Sticky Flame (mildly dangerous; 1% risk of failure)
Press: ? - help, Shift-Dir - straight line, f - large abomination
Aim: a large abomination (100% to hit)
The sticky flame hits the large abomination.
The large abomination is lightly damaged.
The large abomination is covered in liquid flames!
The large abomination burns!
Aiming: Paralyse
Press: ? - help, Shift-Dir - straight line, f/p - large abomination
Aim: a large abomination (lightly damaged, covered in liquid flames, chance to affect: 2%)
Okay, then.
You blink.
The large abomination burns!
The large abomination hits you!!
You die...

#.......#.#.....y.#.#.##....#.≈##
#########.###################.≈≈#
....©#.......#©....©....©#....≈##
######..P♣...#############.♣..##
.#h#.....PP....#.).©)..#...P..≈#
=#.#..P#≈#≈#...#.#...#.#.♣PP..≈≈#
#..#.PP≈≈≈≈≈...#...###.#..PP..≈##
h.##.♣.#≈#≈#P♣.#.#.©.#.#.♣.P..##
..##...≈≈≈≈≈P..#@###...#.P...≈#
##.#...#≈#≈#...#X#...#.#.♣..≈≈#
yh.#...........#.§.###.#...####
########################..≈#
.........©.........©#....≈≈#
#####################...####
.....#.)#©#=.#.........≈#
...♣.#.#.#.#.#.♣P.P♣..≈≈#
P..P.#.#.#.#.#...PP..####


You could see a large abomination (burning).

Vanquished Creatures
  Harold (D:10)
  An ogre mage (D:11)
  A two-headed ogre (D:11)
  A soul eater (Gauntlet)
  2 orc knights (Bailey)
  2 gargoyles
  Maggie (D:8)
  A kobold demonologist (D:10)
  Psyche (D:10)
  2 trolls (D:11)
  A hornet (D:8)
  5 slime creatures (D:10)
  A spriggan (shapeshifter) (D:9)
  3 wraiths
  A vampire (D:12)
  4 yaks
  Grum (D:11)
  2 steam dragons
  5 vampire mosquitoes
  12 orc warriors
  2 ice beasts
  4 small abominations (Gauntlet)
  2 black bears
  4 wolves (D:11)
  An ogre (D:6)
  A centaur (D:10)
  2 phantoms
  A kobold brigand (D:10)
  6 bullfrogs
  A wyvern zombie (D:4)
  A water moccasin zombie (D:7)
  6 scorpions
  5 killer bees (D:10)
  6 wights
  5 howler monkeys
  6 centaur zombies
  A human zombie (D:8)
  2 hounds (D:5)
  2 centaur skeletons
  2 jellies
  A bullfrog zombie (D:6)
  6 orc priests
  2 human skeletons (D:8)
  2 bullfrog skeletons
  5 iguanas
  Terence (D:2)
  7 orc wizards
  A hound skeleton (D:4)
  Robin (D:3)
  10 adders
  4 shadow imps
  2 white imps (D:6)
  4 ufetubi
  An adder zombie (Ossuary)
  A worm (D:3)
  An adder skeleton (D:4)
  3 dart slugs
  40 orcs
  3 bats
  3 endoplasms
  2 giant cockroaches
  14 goblins
  7 hobgoblins
  10 jackals
  2 quokkas
  4 ball pythons
  2 ball python skeletons (Ossuary)
  2 frilled lizards (D:3)
  A hobgoblin zombie (Ossuary)
  9 kobolds
  2 kobold zombies (Ossuary)
  3 orc skeletons
  2 orc zombies (D:8)
  4 rats
270 creatures vanquished.

Vanquished Creatures (collateral kills)
  5 foxfires
5 creatures vanquished.

Vanquished Creatures (others)
  608 foxfires
  14 fungi (D:9)
  12 plants (D:9)
634 creatures vanquished.

Grand Total: 909 creatures vanquished

Notes
Turn   | Place    | Note
-------+----------+-------------------------------------------
     0 | D:1      | rogsnak the Naga Fire Elementalist began the quest for the
                  | Orb.
     0 | D:1      | Reached XP level 1. HP: 15/15 MP: 3/3
   338 | D:1      | Reached XP level 2. HP: 17/22 MP: 5/5
  1277 | D:1      | Reached XP level 3. HP: 24/28 MP: 6/6
  1686 | D:2      | Noticed Terence
  1698 | D:2      | Killed Terence
  1699 | D:2      | Reached XP level 4. HP: 37/37 MP: 0/7
  1805 | D:2      | Learned a level 4 spell: Sticky Flame
  1868 | D:2      | Reached skill level 2 in Conjurations
  2193 | D:3      | Noticed a scorpion
  2199 | D:3      | Killed a scorpion
  2200 | D:3      | Reached XP level 5. HP: 43/43 MP: 6/9
  2276 | D:3      | Reached skill level 1 in Fighting
  2849 | D:3      | Found a faded altar of an unknown god.
  3312 | D:4      | Noticed Robin
  3365 | D:4      | Reached skill level 3 in Conjurations
  3365 | D:4      | Reached XP level 6. HP: 46/51 MP: 10/10
  3373 | D:4      | Learned a level 5 spell: Fireball
  3674 | D:4      | Noticed a +0 short sword
  3674 | D:4      | Noticed a +0 falchion
  3675 | D:4      | Noticed a +0 short sword
  3675 | D:4      | Noticed a +0 spear
  3675 | D:4      | Noticed a +0 dagger
  3676 | D:4      | Noticed a +0 dagger
  3684 | D:4      | Noticed a +0 spear
  3700 | D:4      | Reached XP level 7. HP: 18/57 MP: 5/12
  3702 | D:4      | Reached skill level 4 in Conjurations
  3794 | D:3      | Killed Robin
  3795 | D:3      | Reached skill level 5 in Fire Magic
  4096 | D:4      | Noticed a +0 falchion
  4127 | D:4      | Found a hide-covered altar of Uskayaw.
  4307 | D:5      | Entered Level 5 of the Dungeon
  4489 | D:5      | Reached skill level 5 in Conjurations
  4535 | D:5      | Reached XP level 8. HP: 67/67 MP: 10/14
  5487 | D:6      | Found a blossoming altar of Fedhas.
  5488 | D:6      | Found a shimmering blue altar of Sif Muna.
  5494 | D:6      | Found a glowing silver altar of Zin.
  5494 | D:6      | Found an iron altar of Okawaru.
  5499 | D:6      | Became a worshipper of Sif Muna the Loreminder
  5657 | D:6      | Reached skill level 6 in Conjurations
  5723 | D:6      | Found a snail-covered altar of Cheibriados.
  5744 | D:6      | Found a radiant altar of Vehumet.
  5771 | D:6      | Found a stormy altar of Qazlal.
  5818 | D:6      | Found a hazy altar of Hepliaklqana.
  5961 | D:6      | Reached skill level 5 in Spellcasting
  6295 | D:6      | Reached XP level 9. HP: 52/73 MP: 16/16
  6625 | D:6      | Reached skill level 7 in Conjurations
  6681 | D:6      | Reached * piety under Sif Muna
  6840 | D:7      | Found a flagged portal.
  6863 | Bailey   | Entered a bailey
  7085 | Bailey   | Noticed an orc knight
  7086 | Bailey   | Noticed an orc knight
  7152 | Bailey   | Killed an orc knight
  7153 | Bailey   | Reached skill level 8 in Conjurations
  7157 | Bailey   | Killed an orc knight
  7278 | Bailey   | Identified the -1 pair of gloves "Godeohiosk" {+Blink Int+5
                  | Stlth+}
  7307 | Bailey   | Reached XP level 10. HP: 81/81 MP: 9/19
  7413 | D:7      | Learned a level 5 spell: Lightning Bolt
  7446 | D:7      | Found a sacrificial altar of Ru.
  7454 | D:7      | Identified the +9 war axe of Xuageih {antimagic, Fragile
                  | Int+7}
  7501 | D:7      | Found a staircase to the Ecumenical Temple.
  7946 | D:8      | Reached skill level 9 in Conjurations
  8009 | D:8      | Found a sand-covered staircase.
  8080 | D:8      | Reached skill level 1 in Air Magic
  8110 | D:8      | Reached ** piety under Sif Muna
  8122 | Ossuary  | Entered an ossuary
  8622 | D:8      | Noticed Maggie
  8738 | D:8      | Found an ornate altar of the Wu Jian Council.
  8802 | D:8      | Killed Maggie
  9607 | D:9      | Found a staircase to the Orcish Mines.
  9648 | D:9      | Learned a level 5 spell: Borgnjor's Vile Clutch
  9942 | D:9      | Reached skill level 1 in Earth Magic
 10150 | D:9      | Found a staircase to the Lair.
 10242 | D:9      | Reached skill level 10 in Conjurations
 10328 | D:10     | Entered Level 10 of the Dungeon
 10475 | D:10     | Noticed Psyche
 10571 | D:10     | Reached XP level 11. HP: 90/90 MP: 16/22
 10766 | D:10     | Killed Psyche
 10833 | D:10     | Reached *** piety under Sif Muna
 11112 | D:10     | Found a sparkling altar of Nemelex Xobeh.
 11161 | D:10     | Learned a level 5 spell: Bolt of Magma
 11280 | D:10     | Noticed Harold
 11426 | D:10     | Found a white marble altar of Elyvilon.
 11483 | D:10     | Found a sparkling altar of Nemelex Xobeh.
 11622 | D:10     | Killed Harold
 12101 | D:11     | Noticed an ogre mage
 12149 | D:11     | Noticed Grum
 12392 | D:11     | Reached skill level 11 in Conjurations
 12694 | D:11     | Killed Grum
 13124 | D:11     | Killed an ogre mage
 13127 | D:11     | Noticed a two-headed ogre
 13148 | D:11     | Killed a two-headed ogre
 13164 | D:11     | Reached XP level 12. HP: 20/99 MP: 2/24
 13673 | D:12     | Found a gate leading to a gauntlet.
 13695 | Gauntlet | Entered a Gauntlet
 13695 | Gauntlet | Found a transporter.
 13698 | Gauntlet | Found a transporter.
 13698 | Gauntlet | Noticed a soul eater
 13700 | Gauntlet | Found a transporter.
 13711 | Gauntlet | Found a transporter.
 13713 | Gauntlet | Found a transporter.
 13717 | Gauntlet | Noticed a dire elephant
 13723 | Gauntlet | Found a transporter.
 13738 | Gauntlet | Found a transporter.
 13754 | Gauntlet | Found a transporter.
 13757 | Gauntlet | Noticed a balrug
 13764 | Gauntlet | Found a transporter.
 13768 | Gauntlet | Found a transporter.
 13770 | Gauntlet | Found a transporter.
 13771 | Gauntlet | Found a transporter.
 13792 | Gauntlet | Found a transporter.
 13807 | Gauntlet | Found a transporter.
 13910 | Gauntlet | Killed a soul eater
 13911 | Gauntlet | Reached skill level 1 in Evocations
 14115 | Gauntlet | Slain by a large abomination

Illustrated notes

Levels and vault maps discovered:
D:1:      minmay_arrival_three_doors, layout_loops_ring,
          chequers_serial_rivers_large_b
D:2:      layout_rooms, uniq_terence
D:3:      layout_loops_ring, dreamdust_ecumenical_altar_hidden_monk_grotto,
          minmay_ruptured
D:4:      layout_rooms, nicolae_uskayaw_en_pointe, grunt_ministairs_14,
          uniq_robin
D:5:      layout_basic
D:6:      minmay_chambers_of_threes, layout_basic,
          chequers_temple_overflow_statue_of_worship,
          nicolae_overflow_quartered_altars, st_stairs_14
D:7:      layout_rooms, mainiacjoe_overflow_boulevard,
          minmay_temple_entry_glassed_door, enter_bailey_5
D:8:      layout_basic, general_overflow_altar, nicolae_ossuary_entry_catacombs,
          uniq_maggie
D:9:      layout_roguey, grunt_lair_entry_orc_guard_hut, orc_0_dummy
D:10:     layout_loops_ring, mainiacjoe_overflow_concentric_impassable,
          nemelex_xobeh_ov_fountains_minmay, minmay_door_square,
          kennysheep_flooded_box, uniq_harold, uniq_psyche
D:11:     layout_cave_pools, minmay_misc_feat_iff, minmay_puff, uniq_grum
D:12:     layout_rooms, gauntlet_entry_generic, minmay_misc_feat_hallway,
          grunt_livestock
Gauntlet: minmay_gauntlet_77_tree [minmay_gauntlet_arena_77_braids,
          minmay_gauntlet_arena_77_broken_ladder,
          minmay_gauntlet_arena_77_squiggly, minmay_gauntlet_arena_77_fan,
          minmay_gauntlet_arena_77_chump_sandwich,
          minmay_gauntlet_arena_77_double_cross,
          minmay_gauntlet_arena_77_mirror,
          nicolae_gauntlet_exit_dead_adventurers]

Skill      XL: |  1  2  3  4  5  6  7  8  9 10 11 12 |
---------------+-------------------------------------+-----
Fire Magic     | 4 5 6 7 8 9 |  9.8
Conjurations   | 2 3 5 6 8 10 11 | 11.8
Dodging        | 2 3 4 |  4.2
Fighting       | 1 2 3 |  3.8
Spellcasting   | 3 4 5 6 7 8 |  8.9
Air Magic      | 2 |  2.2
Earth Magic    | 1 3 |  3.0
Evocations     | 1 |  1.1
Stealth        | |  3.0

Action                   |  1- 3 |  4- 6 |  7- 9 | 10-12 || total
-------------------------+-------+-------+-------+-------++-------
Melee: Dagger            |    38 |       |       |       ||    38
       Short sword       |     1 |    44 |    78 |    37 ||   160
       Flail             |       |       |       |    64 ||    64
       Rapier            |       |       |       |    22 ||    22
 Cast: Foxfire           |    36 |    71 |   162 |   105 ||   374
       Sticky Flame      |       |     2 |    16 |    58 ||    76
       Fireball          |       |       |    11 |    57 ||    68
 Abil: Spit Poison       |     5 |     7 |     6 |     6 ||    24
       Evoke Blink       |       |       |       |    11 ||    11
Evoke: Wand              |       |       |       |     2 ||     2
 Stab: Sleeping          |     1 |     1 |     1 |     8 ||    11
Armor: Robe              |    10 |    11 |    43 |     3 ||    67
       Steam dragon scal |       |       |       |    49 ||    49
Dodge: Dodged            |    23 |    41 |    65 |    87 ||   216
Block: Buckler           |       |       |       |     1 ||     1
